 Dungeon Crawl Stone Soup version 0.20.0-15-g7f486f2 (webtiles) character file.

80 Letos the Chopper (level 4, -2/41 HPs)
             Began as a Hill Orc Fighter on June 27, 2017.
             Killed from afar by Ijyb (13 damage)
             ... with a wand of lightning (?/15)
             ... on level 3 of the Dungeon.
             The game lasted 00:03:58 (2403 turns).

Letos the Chopper (Hill Orc Fighter)                Turns: 2403, Time: 00:03:59

Health: -2/41      AC:  9    Str: 19    XL:     4   Next: 39%
Magic:  4/4        EV: 12    Int:  8    God:
Gold:   129        SH:  0    Dex: 10    Spells: 3/3 levels left

rFire    . . .     SeeInvis .   a - +0 war axe
rCold    . . .     Gourm    .   (no shield)
rNeg     . . .     Faith    .   u - +0 chain mail
rPois    .         Spirit   .   (no helmet)
rElec    .         Reflect  .   (no cloak)
rCorr    .         Harm     .   (no gloves)
MR       .....                  (no boots)
Stlth    ..........             s - amulet of magic regeneration
Regen    0.2/turn               o - +5 ring of evasion (curse)
MPRegen  0.2/turn               (no ring)

@: no status effects
A: no striking features
a: no special abilities


You were on level 3 of the Dungeon.
You were not hungry.

You visited 1 branch of the dungeon, and saw 3 of its levels.

You collected 129 gold pieces.

Inventory:

Hand Weapons
 a - a +0 war axe (weapon)
Armour
 c - a +0 shield
 u - a +0 chain mail (worn)
Jewellery
 e - an uncursed ring of fire
 o - a cursed +5 ring of evasion (left hand)
 s - an amulet of magic regeneration (around neck)
Wands
 b - a wand of flame (13/48)
Scrolls
 d - 3 scrolls of teleportation {unknown}
 h - a scroll of immolation {unknown}
 m - 2 scrolls of fear {unknown}
 n - a scroll of remove curse {unknown}
 p - 4 scrolls of identify {unknown}
Potions
 i - a potion of flight {unknown}
 k - a potion of degeneration {unknown}
 l - a potion of lignification {unknown}
 q - a potion of resistance {unknown}
Comestibles
 f - 2 bread rations
 g - 2 meat rations
 j - a royal jelly
 r - 4 fruits
 t - a chunk of flesh


   Skills:
 + Level 4.6 Fighting
 * Level 5.0 Axes
 - Level 3.2 Armour
 - Level 3.2 Shields


You had 3 spell levels left.
You didn't know any spells.

Dungeon Overview and Level Annotations

Branches:
Dungeon (3/15)

Altars:

Annotations:
D:3 Ijyb


Message History

You closely miss Ijyb. Ijyb misses you.
Your chain mail prevents you from hitting Ijyb.
Ijyb barely misses you.
You hit Ijyb.
Ijyb is lightly wounded.
Ijyb barely misses you.
You closely miss Ijyb.
Ijyb is lightly wounded.
Ijyb hits you but does no damage. Ijyb misses you.
You hit Ijyb.
Ijyb is heavily wounded.
Ijyb zaps a wand.
The bolt of lightning hits you!
* * * LOW HITPOINT WARNING * * *
You closely miss Ijyb.
Ijyb is heavily wounded.
Ijyb hits you but does no damage.
You hit Ijyb.
Ijyb is heavily wounded.
Ijyb zaps a wand.
The bolt of lightning hits you!
You die...

##. #.. #.#
#.# #.# #.#
#####+#### #g#
#........# #@#
#........####
#.#
#...........#
#.#
#....†......#
#)#
#...........#
#.#
#......>....#
#.#####
#...........#
#.....#
##...........#
#####.#
.......###...#
### #.#


You could see Ijyb.

Vanquished Creatures
  Robin (D:2)
  2 worms (D:2)
  2 leopard geckos
  4 orcs (D:3)
  2 giant cockroaches (D:3)
  10 goblins
  9 hobgoblins
  7 kobolds
  A quokka (D:2)
  2 ball pythons (D:2)
  6 bats
  2 frilled lizards
  6 rats
54 creatures vanquished.

Notes
Turn   | Place    | Note
-------+----------+-------------------------------------------
     0 | D:1      | Letos the Hill Orc Fighter began the quest for the Orb.
     0 | D:1      | Reached XP level 1. HP: 19/19 MP: 1/1
    33 | D:1      | Reached skill level 3 in Axes
   160 | D:1      | Reached XP level 2. HP: 18/27 MP: 2/2
   715 | D:2      | Found a faded altar of an unknown god.
   737 | D:2      | Noticed Robin
   770 | D:2      | Reached skill level 4 in Axes
   775 | D:2      | Killed Robin
   775 | D:2      | Reached XP level 3. HP: 16/33 MP: 3/3
  1527 | D:2      | Reached XP level 4. HP: 35/41 MP: 4/4
  2151 | D:3      | Reached skill level 5 in Axes
  2390 | D:3      | Noticed Ijyb
  2403 | D:3      | Killed from afar by Ijyb

Skill      XL: |  1  2  3  4 |
---------------+-------------+-----
Axes           | 3 4 5 |  5.0
Fighting       | 4 |  4.6
Armour         | |  3.2
Shields        | |  3.2

Action                   |  1- 3 |  4- 6 || total
-------------------------+-------+-------++-------
Melee: War axe           |    97 |    63 ||   160
  Use: Potion            |     1 |       ||     1
  Eat: Chunk             |     2 |     3 ||     5
Armor: Scale mail        |    38 |     6 ||    44
       Chain mail        |       |     9 ||     9
Dodge: Dodged            |    40 |    49 ||    89
